 Dungeon Sprint DCSS version 0.25-a0-502-g6516661 (webtiles) character file.

Game seed: 2949671317029971644, levelgen mode: deterministic

17182 Faca the Blocker (level 12, 0/103 HPs)
             Began as a Gnoll Fighter on Feb 12, 2020.
             Was the Champion of Okawaru.
             Slain by a stone giant (33 damage)
             ... in the Dungeon (Sprint IX: "|||||||||||||||||||||||||||||").
             The game lasted 00:10:10 (2489 turns).

Faca the Blocker (Gnoll Fighter)                    Turns: 2489, Time: 00:10:11

Health: 0/103      AC: 22    Str: 22    XL:     12   Next: 45%
Magic:  27/27      EV: 13    Int: 12    God:    Okawaru [******]
Gold:   115        SH: 13    Dex: 15    Spells: 33/33 levels left

rFire    + . .     SeeInvis .   d - +1 double sword (venom)
rCold    + . .     Gourm    .   c - +0 kite shield
rNeg     + . .     Faith    .   x - +1 plate armour {MR+}
rPois    +         Spirit   .   D - -2 hat of the Alchemist {rElec rPois rF+ rC+ rN+ MR+ rMut rCorr}
rElec    +         Reflect  .   B - +2 cloak
rCorr    +         Harm     .   s - +1 pair of gloves
rMut     +         NoTele   +   z - +0 pair of boots
MR       ++...                  (no amulet)
Stlth    +.........             (no ring)
HPRegen  0.27/turn              (no ring)
MPRegen  0.20/turn

@: no status effects
A: distributed training, fangs 1, strong nose
a: Heroism, Finesse, Renounce Religion


You were in the Dungeon.
You worshipped Okawaru.
Okawaru was exalted by your worship.
You were hungry.

You visited 1 branch You collected 1919 gold pieces.
You spent 1804 gold pieces at shops.

Inventory:

Hand Weapons
 d - a +1 double sword of venom (weapon)
 p - a +2 rapier of electrocution
 q - a +2 scimitar of flaming
Missiles
 r - 8 silver javelins (quivered)
Armour
 c - a +0 kite shield (worn)
 s - a +1 pair of gloves (worn)
 x - a +1 plate armour of magic resistance (worn)
 z - a +0 pair of boots (worn)
 B - a +2 cloak (worn)
 D - the -2 hat of the Alchemist (worn) {rElec rPois rF+ rC+ rN+ MR+ rMut rCorr}
   (You bought it in a shop in the Dungeon)

   It protects you from fire.
   It protects you from cold.
   It insulates you from electricity.
   It protects you from poison.
   It protects you from negative energy.
   It affects your resistance to hostile enchantments.
   It provides partial protection from all sources of acid and corrosion.
   It protects you from mutation.
   If you remove this armour, your AC will increase by 2 (22 -> 24).
Jewellery
 a - an uncursed ring of see invisible
Wands
 o - a wand of iceblast (10)
 A - a wand of paralysis (4)
Scrolls
 k - 3 scrolls of blinking
 m - 4 scrolls of remove curse
 n - 2 scrolls of amnesia
 t - a scroll of enchant weapon
 u - 6 scrolls of enchant armour
 v - a scroll of fog
 w - a scroll of fear
 C - 2 scrolls of identify
Potions
 b - a potion of resistance
 e - 9 potions of curing
 g - 5 potions of heal wounds
 h - a potion of haste
 i - 4 potions of magic
 j - a potion of berserk rage
 l - a potion of invisibility
Comestibles
 f - 11 rations


   Skills:
 + Level 12.9 Fighting
 + Level 11.4 Short Blades
 + Level 12.2 Long Blades
 + Level 11.4 Axes
 + Level 11.4 Maces & Flails
 + Level 11.4 Polearms
 + Level 11.4 Staves
 + Level 11.4 Slings
 + Level 11.4 Bows
 + Level 11.4 Crossbows
 + Level 11.4 Throwing
 + Level 12.9 Armour
 + Level 11.4 Dodging
 + Level 11.4 Stealth
 + Level 12.9 Shields
 + Level 11.4 Unarmed Combat
 + Level 11.4 Spellcasting
 + Level 9.8 Conjurations
 + Level 9.8 Hexes
 + Level 9.8 Charms
 + Level 9.8 Summonings
 + Level 9.8 Necromancy
 + Level 9.8 Translocations
 + Level 9.8 Transmutations
 + Level 9.8 Fire Magic
 + Level 9.8 Ice Magic
 + Level 9.8 Air Magic
 + Level 9.8 Earth Magic
 + Level 9.8 Poison Magic
 + Level 12.4 Invocations
 + Level 11.4 Evocations


You had 33 spell levels left.
You didn't know any spells.
Your spell library was empty.

Dungeon Overview and Level Annotations

Branches:
Dungeon (1/1)

Altars:
Cheibriados
Dithmenos
Elyvilon
Fedhas
Gozag
Hepliaklqana
Kikubaaqudgha
Makhleb
Nemelex Xobeh
Okawaru
Qazlal
Ru
Sif Muna
Trog
Uskayaw
Vehumet
Wu Jian
Xom
Yredelemnul
Zin
The Shining One
Beogh
Jiyva
Lugonu

Shops:
D ?*%[


Innate Abilities, Weirdness & Mutations

Your experience applies equally to all skills.
You have very sharp teeth.
Your uncanny sense of smell can sniff out nearby items.


Message History

You hit the stone giant but do no damage.
The stone giant looks as sick as possible!
You bite the stone giant.
The stone giant is heavily wounded.
The large slime creature jiggles.
The rakshasa closely misses you.
You hit the stone giant but do no damage.
The stone giant looks as sick as possible!
Your bite misses the stone giant.
The stone giant is heavily wounded.
The stone giant hits you but does no damage.
Your plate armour prevents you from hitting the stone giant.
The stone giant is heavily wounded.
The rakshasa hits you from afar with a +0 vampiric trident!
The rakshasa draws strength from your wounds!
You block the stone giant's attack.
You hit the stone giant but do no damage.
The stone giant is heavily wounded.
The rakshasa closely misses you. The stone giant hits you!!
You die...

▓.▓.▓.▓[▓.▓.▓_▓
▓.▓.▓.▓.▓.▓.▓_▓
▓.▓.▓.▓.▓.▓.▓_▓
▓.▓.▓)▓.▓÷▓.▓_▓
▓[▓.▓)▓.▓(▓.▓'▓
▓R▓.▓)▓.▓†▓.▓.▓
▓R▓.▓.▓.▓.▓.▓.▓
▓)▓.▓)▓.▓.▓.▓|▓
▓@▓.▓[▓.▓.▓.▓)▓
▓C▓.▓∩▓.▓.▓.▓.▓
▓J▓.▓.▓.▓.▓.▓.▓
▓J▓.▓∩▓.▓.▓.▓.▓
▓J▓.▓.▓.▓.▓.▓.▓
▓Z▓.▓∩▓.▓.▓.▓[▓
▓.▓.▓)▓.▓(▓.▓)▓
▓.▓.▓∩▓.▓.▓.▓.▓
▓.▓.▓.▓)▓.▓.▓


You could see a stone giant, 2 rakshasas, a large slime creature, 2 slime
creatures and a ball python skeleton.

Vanquished Creatures
  Josephine (D)
  A hydra (D)
  A rakshasa (D)
  6 orc high priests (D)
  A wizard (D)
  An unseen horror (D)
  4 orc knights (D)
  An ugly thing (D)
  A cyclops (D)
  A black mamba (D)
  Maurice (D)
  2 spiny frogs (D)
  A gargoyle (D)
  Psyche (D)
  A troll (D)
  2 tyrant leeches (D)
  4 blink frogs (D)
  A hippogriff (D)
  5 wraiths (D)
  A hungry ghost (D)
  Eustachio (D)
  4 yaks (D)
  4 vampire mosquitoes (D)
  A water moccasin (D)
  A porcupine (D)
  12 orc warriors (D)
  A wolf (D)
  An ogre (D)
  4 crocodiles (D)
  4 bullfrogs (D)
  A wight (D)
  A crimson imp (D)
  A jelly (D)
  10 orc priests (D)
  2 orc wizards (D)
  An iguana (D)
  2 worker ants (D)
  A gnoll (D)
  2 shadow imps (D)
  An adder skeleton (D)
  4 orcs (D)
  A bat zombie (D)
  A goblin (D)
  A jackal (D)
  3 kobolds (D)
  A rat (D)
103 creatures vanquished.

Notes
Turn   | Place    | Note
-------+----------+-------------------------------------------
     0 | D        | Faca the Gnoll Fighter began the quest for the Orb.
     0 | D        | Reached XP level 1. HP: 23/23 MP: 1/1
    18 | D        | Reached skill level 1 in Invocations
    36 | D        | Noticed a crimson imp
    36 | D        | Noticed an iguana
    36 | D        | Noticed a worker ant
    42 | D        | Killed a crimson imp
    42 | D        | Reached skill level 5 in Long Blades
    42 | D        | Reached skill level 1 in Conjurations
    42 | D        | Reached skill level 1 in Hexes
    42 | D        | Reached skill level 1 in Charms
    42 | D        | Reached skill level 1 in Summonings
    42 | D        | Reached skill level 1 in Necromancy
    42 | D        | Reached skill level 1 in Translocations
    42 | D        | Reached skill level 1 in Transmutations
    42 | D        | Reached skill level 1 in Fire Magic
    42 | D        | Reached skill level 1 in Ice Magic
    42 | D        | Reached skill level 1 in Air Magic
    42 | D        | Reached skill level 1 in Earth Magic
    42 | D        | Reached skill level 1 in Poison Magic
    42 | D        | Reached XP level 2. HP: 29/29 MP: 3/5
    42 | D        | Reached XP level 3. HP: 35/35 MP: 3/6
    43 | D        | Reached XP level 4. HP: 43/43 MP: 3/7
    90 | D        | Found a roughly hewn altar of Beogh.
    90 | D        | Found a snail-covered altar of Cheibriados.
    90 | D        | Found a shadowy altar of Dithmenos.
    90 | D        | Found a white marble altar of Elyvilon.
    90 | D        | Found a blossoming altar of Fedhas.
    90 | D        | Found an opulent altar of Gozag.
    91 | D        | Found a hazy altar of Hepliaklqana.
    92 | D        | Found a viscous altar of Jiyva.
    93 | D        | Found an ancient bone altar of Kikubaaqudgha.
    94 | D        | Found a corrupted altar of Lugonu.
    95 | D        | Found a burning altar of Makhleb.
    96 | D        | Found a sparkling altar of Nemelex Xobeh.
    97 | D        | Found an iron altar of Okawaru.
    98 | D        | Found a stormy altar of Qazlal.
    99 | D        | Found a sacrificial altar of Ru.
   100 | D        | Found a shimmering blue altar of Sif Muna.
   101 | D        | Found a bloodstained altar of Trog.
   102 | D        | Found a hide-covered altar of Uskayaw.
   103 | D        | Found a radiant altar of Vehumet.
   104 | D        | Found an ornate altar of the Wu Jian Council.
   105 | D        | Became a worshipper of Warmaster Okawaru
   106 | D        | Found a shimmering altar of Xom.
   107 | D        | Found a basalt altar of Yredelemnul.
   108 | D        | Found a glowing silver altar of Zin.
   109 | D        | Found a glowing golden altar of the Shining One.
   162 | D        | Noticed a hungry ghost
   162 | D        | Noticed an ogre
   168 | D        | Killed a hungry ghost
   168 | D        | Reached * piety under Okawaru
   168 | D        | Reached XP level 5. HP: 46/49 MP: 8/11
   168 | D        | Reached XP level 6. HP: 52/56 MP: 8/12
   170 | D        | Reached skill level 5 in Invocations
   211 | D        | Killed an unseen horror
   211 | D        | Reached XP level 7. HP: 43/64 MP: 11/16
   211 | D        | Reached XP level 8. HP: 47/71 MP: 11/17
   327 | D        | Noticed a yak
   327 | D        | Noticed a yak
   331 | D        | Killed a yak
   331 | D        | Reached skill level 5 in Conjurations
   331 | D        | Reached skill level 5 in Hexes
   331 | D        | Reached skill level 5 in Charms
   331 | D        | Reached skill level 5 in Summonings
   331 | D        | Reached skill level 5 in Necromancy
   331 | D        | Reached skill level 5 in Translocations
   331 | D        | Reached skill level 5 in Transmutations
   331 | D        | Reached skill level 5 in Fire Magic
   331 | D        | Reached skill level 5 in Ice Magic
   331 | D        | Reached skill level 5 in Air Magic
   331 | D        | Reached skill level 5 in Earth Magic
   331 | D        | Reached skill level 5 in Poison Magic
   333 | D        | Reached ** piety under Okawaru
   359 | D        | Killed a yak
   555 | D        | Noticed a black mamba
   555 | D        | Noticed an eight-headed hydra
   555 | D        | Noticed a spiny frog
   555 | D        | Noticed a yak
   565 | D        | Killed a three-headed hydra
   565 | D        | Reached XP level 9. HP: 44/78 MP: 15/19
   570 | D        | Killed a black mamba
   570 | D        | Reached *** piety under Okawaru
   570 | D        | Reached skill level 10 in Fighting
   570 | D        | Reached skill level 10 in Armour
   570 | D        | Reached skill level 10 in Shields
   585 | D        | Killed a spiny frog
   615 | D        | Reached XP level 10. HP: 31/86 MP: 22/22
   854 | D        | Noticed a spiny frog
   864 | D        | Reached **** piety under Okawaru
   869 | D        | Received a gift from Okawaru
   882 | D        | Killed a spiny frog
  1032 | D        | Reached skill level 10 in Long Blades
  1037 | D        | Reached ***** piety under Okawaru
  1037 | D        | Received a gift from Okawaru
  1053 | D        | Received a gift from Okawaru
  1053 | D        | Reached skill level 10 in Invocations
  1223 | D        | Noticed Maurice
  1236 | D        | Killed Maurice
  1272 | D        | Noticed Eustachio
  1278 | D        | Killed Eustachio
  1335 | D        | Noticed an orc knight
  1337 | D        | Noticed an orc knight
  1346 | D        | Noticed an orc knight
  1368 | D        | Killed an orc knight
  1368 | D        | Reached XP level 11. HP: 59/93 MP: 17/24
  1386 | D        | Killed an orc knight
  1392 | D        | Received a gift from Okawaru
  1407 | D        | Killed an orc knight
  1650 | D        | Noticed an orc knight
  1654 | D        | Killed an orc knight
  1654 | D        | Reached skill level 10 in Short Blades
  1654 | D        | Reached skill level 10 in Axes
  1654 | D        | Reached skill level 10 in Maces & Flails
  1654 | D        | Reached skill level 10 in Polearms
  1654 | D        | Reached skill level 10 in Staves
  1654 | D        | Reached skill level 10 in Slings
  1654 | D        | Reached skill level 10 in Bows
  1654 | D        | Reached skill level 10 in Crossbows
  1654 | D        | Reached skill level 10 in Throwing
  1654 | D        | Reached skill level 10 in Dodging
  1654 | D        | Reached skill level 10 in Stealth
  1654 | D        | Reached skill level 10 in Unarmed Combat
  1654 | D        | Reached skill level 10 in Spellcasting
  1654 | D        | Reached skill level 10 in Evocations
  1720 | D        | Found Ceiran's Magic Scroll Emporium.
  1720 | D        | Noticed an orc high priest
  1720 | D        | Noticed an orc high priest
  1720 | D        | Noticed an orc high priest
  1723 | D        | Killed an orc high priest
  1723 | D        | Received a gift from Okawaru
  1724 | D        | Killed an orc high priest
  1730 | D        | Killed an orc high priest
  1733 | D        | Got a crystal hand crossbow {god gift}
  1735 | D        | Found Fokkas Ron's General Store.
  1739 | D        | Found Cizxu's Food Emporium.
  1739 | D        | Noticed an orc high priest
  1741 | D        | Found Amafez's Antique Armour Shoppe.
  1742 | D        | Noticed an orc high priest
  1745 | D        | Noticed a sixfirhy
  1749 | D        | Noticed a sun demon
  1749 | D        | Noticed an orc high priest
  1752 | D        | Killed an orc high priest
  1757 | D        | Killed an orc high priest
  1757 | D        | Received a gift from Okawaru
  1767 | D        | Killed an orc high priest
  2022 | D        | Bought a distressingly furry plate armour for 672 gold
                  | pieces
  2022 | D        | Bought the -2 hat of the Alchemist {rElec rPois rF+ rC+ rN+
                  | MR+ rMut rCorr} for 1132 gold pieces
  2022 | D        | Found the -2 hat of the Alchemist {rElec rPois rF+ rC+ rN+
                  | MR+ rMut rCorr}
  2022 | D        | Identified the +7 hand crossbow of Twilight {elec, rPois
                  | Str+3} (Okawaru gifted it to you in the Dungeon)
  2033 | D        | Identified the +2 plate armour of Ashenzari's Regard {rF-
                  | Str+2 Int+2} (You bought it in a shop in the Dungeon)
  2268 | D        | Reached XP level 12. HP: 103/103 MP: 26/26
  2279 | D        | Noticed Josephine
  2284 | D        | Noticed Psyche
  2290 | D        | Killed Josephine
  2290 | D        | Reached ****** piety under Okawaru
  2315 | D        | Killed Psyche
  2432 | D        | Noticed a rakshasa
  2436 | D        | Noticed a rakshasa
  2438 | D        | Noticed a stone giant
  2481 | D        | Killed a rakshasa
  2489 | D        | Slain by a stone giant

Levels and vault maps discovered:
D:        linesprint [early_d, line_temple, items_1, d_10, items_2, lair_1,
          lair_end, items_3, orc_1, orc_end, items_4, d_15, swamp_1, shoals_1,
          snake_1, spider_1, d_20, vaults_1, items_5, swamp_end, shoals_end,
          snake_end, spider_end, vaults_end, d_27, items_6, zot_1, zot_end,
          crypt_end, forest_end, elf_end, slime_end, tomb_end, abyss_end,
          pan_hell_end]

Skill      XL: |  1  2  3  4  5  6  7  8  9 10 11 12 |
---------------+-------------------------------------+-----
Invocations    | 2 4 6 8 10 11 12 | 12.4
Short Blades   | 2 4 6 7 8 9 10 11 | 11.4
Long Blades    | 5 6 7 8 9 10 11 12 | 12.2
Axes           | 2 4 6 7 8 9 10 11 | 11.4
Maces & Flails | 2 4 6 7 8 9 10 11 | 11.4
Polearms       | 2 4 6 7 8 9 10 11 | 11.4
Staves         | 2 4 6 7 8 9 10 11 | 11.4
Slings         | 2 4 6 7 8 9 10 11 | 11.4
Bows           | 2 4 6 7 8 9 10 11 | 11.4
Crossbows      | 2 4 6 7 8 9 10 11 | 11.4
Throwing       | 2 4 6 7 8 9 10 11 | 11.4
Dodging        | 2 4 6 7 8 9 10 11 | 11.4
Stealth        | 2 4 6 7 8 9 10 11 | 11.4
Unarmed Combat | 2 4 6 7 8 9 10 11 | 11.4
Spellcasting   | 2 4 6 7 8 9 10 11 | 11.4
Conjurations   | 1 2 3 4 6 7 9 |  9.8
Hexes          | 1 2 3 4 6 7 9 |  9.8
Charms         | 1 2 3 4 6 7 9 |  9.8
Summonings     | 1 2 3 4 6 7 9 |  9.8
Necromancy     | 1 2 3 4 6 7 9 |  9.8
Translocations | 1 2 3 4 6 7 9 |  9.8
Transmutations | 1 2 3 4 6 7 9 |  9.8
Fire Magic     | 1 2 3 4 6 7 9 |  9.8
Ice Magic      | 1 2 3 4 6 7 9 |  9.8
Air Magic      | 1 2 3 4 6 7 9 |  9.8
Earth Magic    | 1 2 3 4 6 7 9 |  9.8
Poison Magic   | 1 2 3 4 6 7 9 |  9.8
Evocations     | 2 4 6 7 8 9 10 11 | 11.4
Fighting       | 7 9 10 11 12 | 12.9
Armour         | 7 9 10 11 12 | 12.9
Shields        | 7 9 10 11 12 | 12.9

Action                   |  1- 3 |  4- 6 |  7- 9 | 10-12 || total
-------------------------+-------+-------+-------+-------++-------
Melee: Long sword        |    20 |     9 |       |       ||    29
       Bite              |     3 |     5 |    22 |    69 ||    99
       Scimitar          |       |    46 |    92 |   210 ||   348
       Rapier            |       |       |       |    47 ||    47
       Double sword      |       |       |       |    65 ||    65
Throw: Javelin           |       |       |       |    13 ||    13
Invok: Heroism           |       |     1 |     1 |     5 ||     7
       Finesse           |       |       |       |     1 ||     1
  Use: Potion            |     1 |     2 |     2 |     2 ||     7
       Scroll            |       |       |       |     1 ||     1
  Eat: Chunk             |       |       |     2 |     6 ||     8
Armor: Scale mail        |     4 |     1 |       |       ||     5
       Plate armour      |       |    40 |    29 |    68 ||   137
Dodge: Dodged            |     5 |     6 |    22 |    60 ||    93
Block: Kite shield       |     9 |    21 |    54 |   132 ||   216
       Rpst.: Long sword |     2 |     2 |       |       ||     4
       Scimitar          |       |       |     8 |    15 ||    23
       Double sword      |       |       |       |     4 ||     4

Table legend:
 A = Non-vault XP
 B = Vault XP
 C = Vault XP percentage of total XP
 D = Non-vault monster count
 E = Vault monster count
 F = Vault count percentage of total count
                 A         B        C        D         E       F
            +---------+---------+-------+---------+---------+-------
      Total |       0 |   24547 | 100.0 |       0 |     103 | 100.0
            +---------+---------+-------+---------+---------+-------
          D |       0 |   24547 | 100.0 |       0 |     103 | 100.0
            +---------+---------+-------+---------+---------+-------
